 Dungeon Crawl Stone Soup version 0.15.2 (webtiles) character file.

941375 4tharraofdagon the Draconian Cataclysm (level 27, 0/261 (264) HPs)
             Began as a Purple Draconian Venom Mage on Jan 21, 2015.
             Was a High Priest of Qazlal.
             Killed from afar by a Hell Sentinel (28 damage)
             ... with a blast of hellfire
             ... on Level 19 of a ziggurat on Jan 23, 2015.
             The game lasted 09:22:46 (49107 turns).

4tharraofdagon the Draconian Cataclysm (DrVM)      Turns: 49107, Time: 09:22:46

HP   0/261 (264) AC 29     Str 17      XL: 27
MP  34/45        EV 28     Int 23      God: Qazlal [*****.]
Gold 1155        SH 29     Dex 18      Spells: 11 memorised, 25 levels left

rFire  + + +     SeeInvis +     l - +9 broad axe (flame)
rCold  + + +     Clarity  .     (armour unavailable)
rNeg   + + +     rCorr    .     g - +9 shield of the Mackerel {Dex+3 Int+1}
rPois  +         rRot     .     D - +2 hat (curse)
rElec  +         Spirit   .     i - +2 cloak of Experimentation {rF++ Slay+4 SInv}
SustAb .         Warding  +     w - +2 pair of gloves of the Dropbear {rC+}
rMut   .         Stasis   .     P - +2 pair of boots {run}
Gourm  .                        V - amulet "Nuda" {Ward rElec rF++ rC+ rN++}
MR     +++++                    U - cursed ring of Rih Own {rPois rF+ Stlth-}
                                u - ring "Froamm" {Contam rC++ rN+ MR++ AC+2 Int-2}

@: mighty, protected from physical damage, very slightly contaminated,
regenerating, hasted, repel missiles, very quick, almost entirely resistant to
hostile enchantments, very unstealthy
A: breathe power, unfitting armour, screaming 2, cold-blooded, AC +13
a: Breathe Dispelling Energy, Upheaval, Elemental Force, Disaster Area, Renounce
Religion
}: 10/15 runes: serpentine, barnacled, slimy, silver, abyssal, demonic, glowing,
magical, fiery, dark


You were on level 19 of a ziggurat.
You worshipped Qazlal.
Qazlal was extremely pleased with you.
You were full.

You visited 11 branches of the dungeon, and saw 58 of its levels.
You visited Pandemonium 2 times, and saw 32 of its levels.
You visited the Abyss 1 time.
You visited 2 Ziggurats, and saw 29 of their levels (deepest: 19).
You also visited: Bailey and Volcano.

You collected 9215 gold pieces.
You spent 8060 gold pieces at shops.

Inventory:

Hand weapons
 l - a +9 broad axe of flaming (weapon)
Armour
 g - the +9 shield of the Mackerel (worn) {Dex+3 Int+1}
   (You found it on level 2 of the Snake Pit)

   It affects your intelligence (+1).
   It affects your dexterity (+3).
 i - the cursed +2 cloak of Experimentation (worn) {rF++ Slay+4 SInv}
   (You found it in Pandemonium)

   It affects your accuracy and damage with ranged weapons and melee attacks
   (+4).
   It greatly protects you from fire.
   It enhances your eyesight.
   It has a curse placed upon it.
 w - the cursed +2 pair of gloves of the Dropbear (worn) {rC+}
   (You found it on level 4 of a ziggurat)

   It protects you from cold.
   It has a curse placed upon it.
 D - a cursed +2 hat (worn)
 P - a +2 pair of boots of running (worn)
Magical devices
 a - a wand of teleportation (1)
 p - a wand of disintegration (14)
 s - a wand of teleportation (6)
 z - a wand of digging (11)
 K - a wand of heal wounds (6)
 L - a wand of hasting (8)
 S - a wand of teleportation (4)
Comestibles
 c - 16 bread rations
 J - 25 meat rations
Scrolls
 m - 16 scrolls of remove curse
 t - 4 scrolls of fear
 v - 7 scrolls of magic mapping
 y - 2 scrolls of holy word
 B - 2 scrolls of brand weapon
 E - 14 scrolls of teleportation
 F - 22 scrolls of identify
 M - a scroll of blinking
 Q - 11 scrolls of silence
 R - 11 scrolls of fog
 Y - 11 scrolls of recharging
Jewellery
 b - an uncursed amulet of resist corrosion
 k - a +6 ring of protection
 q - an uncursed amulet of resist mutation
 r - an uncursed ring of sustain abilities
 u - the ring "Froamm" (left hand) {Contam rC++ rN+ MR++ AC+2 Int-2}
   (You found it on level 11 of a ziggurat)

   [ring of protection]

   It affects your AC (+2).
   It affects your intelligence (-2).
   It greatly protects you from cold.
   It protects you from negative energy.
   It affects your resistance to hostile enchantments.
   It causes magical contamination when unequipped.
 A - the ring of the Water Diviner {rF++ rC+ Str-3 Stlth+}
   (You took it off a deep elf sorcerer on level 3 of the Elven Halls)

   [ring of stealth]

   It affects your strength (-3).
   It greatly protects you from fire.
   It protects you from cold.
   It makes you more stealthy.
 H - the ring "Kiadasa" {rF+ rN+ Stlth+}
   (You found it on level 9 of a ziggurat)

   [ring of stealth]

   It protects you from fire.
   It protects you from negative energy.
   It makes you more stealthy.
 U - the cursed ring of Rih Own (right hand) {rPois rF+ Stlth-}
   (You took it off a deep elf mage on level 3 of the Elven Halls)

   [ring of loudness]

   It protects you from fire.
   It protects you from poison.
   It makes you less stealthy.
   It has a curse placed upon it.
 V - the amulet "Nuda" (around neck) {Ward rElec rF++ rC+ rN++}
   (You bought it in a shop on level 4 of the Orcish Mines)

   [amulet of warding]

   It may prevent the melee attacks of summoned creatures.
   It greatly protects you from fire.
   It protects you from cold.
   It insulates you from electricity.
   It greatly protects you from negative energy.
 Z - an uncursed ring of see invisible
Potions
 d - 4 potions of agility
 e - 6 potions of brilliance
 f - 5 potions of cancellation
 j - 4 potions of resistance
 n - 3 potions of magic
 x - 20 potions of curing
 C - 3 potions of berserk rage
 G - 5 potions of cure mutation
 I - 2 potions of heal wounds
 N - a potion of lignification
 O - 5 potions of restore abilities
 T - 5 potions of might
Magical staves
 o - an uncursed staff of energy
Miscellaneous
 h - a phial of floods
 W - a phial of floods


   Skills:
 * Level 24.9 Fighting
 - Level 26.0 Axes
 - Level 19.4 Dodging
 - Level 1.7 Stealth
 - Level 12.1 Shields
 - Level 18.3 Spellcasting
 - Level 12.0 Charms
 - Level 2.4 Necromancy
 - Level 14.5 Translocations
 - Level 4.0 Poison Magic
 O Level 27 Invocations
 - Level 7.7 Evocations


You had 25 spell levels left.
You knew the following spells:

 Your Spells              Type           Power        Failure   Level  Hunger
a - Apportation           Tloc           ######....   0%          1    None
b - Mephitic Cloud        Conj/Pois/Air  ####....     6%          3    None
c - Cure Poison           Pois           #####.....   1%          2    None
d - Flight                Chrm/Air       #####.....   1%          3    None
e - Blink                 Tloc           N/A          0%          2    None
f - Control Teleport      Chrm/Tloc      ######....   1%          4    None
g - Conjure Flame         Conj/Fire      ###.....     10%         3    None
h - Regeneration          Chrm/Necr      ######....   1%          3    None
i - Spectral Weapon       Hex/Chrm       #####...     1%          3    None
j - Haste                 Chrm           ######..     2%          6    ####...
k - Controlled Blink      Tloc           N/A          6%          7    #####..


Dungeon Overview and Level Annotations

Branches:
Dungeon (15/15)            Temple (1/1) D:5             Orc (4/4) D:10
    Elf (3/3) Orc:3          Lair (8/8) D:11         Shoals (5/5) Lair:6
  Snake (5/5) Lair:6        Slime (6/6) Lair:7       Vaults (5/5) D:14
 Depths (5/5) D:15            Zot (1/5) Depths:5
  Crypt: Vaults:2-3

Altars:
Ashenzari
Cheibriados
Dithmenos
Elyvilon
Fedhas
Kikubaaqudgha
Makhleb
Nemelex Xobeh
Okawaru
Qazlal
Sif Muna
Trog
Vehumet
Xom
Yredelemnul
Zin
The Shining One
Beogh
Jiyva

Shops:
D:9 *   Orc:1 ?   Orc:4 ([*=   Snake:1 }   Snake:2 [   Vaults:1 (:?%[
Vaults:4 !   Vaults:5 [!:[!%%?%?!!   Depths:5 *

Portals:
Hell: Depths:1 Depths:2 Depths:3 Depths:4 Depths:5
Abyss: Depths:3 Depths:4
Pandemonium: Depths:3
Trove: Depths:1 (give 19 scrolls of identify)

Annotations:
D:4 Iskender's ghost, average OpVM
Lair:6 SHOALS
Vaults:3 Mennas
Depths:4 exclusions: ice statue and silver statue


Innate Abilities, Weirdness & Mutations

You can breathe bolts of energy.
You can dispel enchantments when you breathe energy.
Your rich purple scales are hard (AC +13).
Your body does not fit into most forms of armour.
Your cold-blooded metabolism reacts poorly to cold.
You sometimes yell uncontrollably at your foes.


Message History

You are struck by the Hell Sentinel's spines.
* * * LOW HITPOINT WARNING * * *
You barely miss the Hell Sentinel.
The Hell Sentinel is almost dead.
You hit the shadow dragon zombie. You burn the shadow dragon zombie.
You destroy the shadow dragon zombie!
Qazlal accepts your kill.
You hit the Hell Sentinel.
You kill the Hell Sentinel!
Qazlal accepts your kill.
You hit the iron devil.
The iron devil is almost dead.
You block the iron devil's attack. x2
The reaper hits you from afar with a glowing scythe!!
* * * LOW HITPOINT WARNING * * *
You feel more protected from physical attacks.
* * * LOW HITPOINT WARNING * * *
The Hell Sentinel gestures at you.
The hellfire explodes!
The blast of hellfire engulfs you!
You die...

... ... ▓............
▓.............
▓▓▓▓▓▓▓▓▓.............▓
..............≈...≈.....
.................≈......
...............§≈D25Z...
..............§§144Z4.5..
...............§@§2435...
..............≈§§42.4D.8.
∩.............#§#424.Z..
.......§......≈.≈WZ(5...
..............≈..W..4...
...............≈.≈≈....
..................≈...
.............≈.. .3..
................ .


You could see a Hell Sentinel, an iron golem, 2 iron dragons, 2 reapers, an ice
devil, 9 iron devils, a hellion, a tormentor, 4 iron imps, a runed scimitar, a
golden dragon zombie, an elf zombie and 2 tengu zombies.

Vanquished Creatures
  the royal jelly (Slime:6)
  Gloorx Vloq (Pan)
  5 ancient liches
  6 greater mummies (Zig:11)
  Boris (Depths:5)
  Sojobo (Vaults:3)
  A pandemonium lord (Zig:10)
  Norris (Vaults:3)
  4 Killer Klowns
  2 golden dragons
  Xtahua (Depths:5)
  Frederick (Vaults:2)
  A bone dragon (Abyss:3)
  3 liches
  2 Brimstone Fiends (Pan)
  A hellephant (Abyss:5)
  6 Hell Sentinels
  10 tentacled monstrosities
  4 Ice Fiends
  2 deep elf blademasters (Elf:3)
  7 titans
  2 quicksilver dragons
  2 deep elf master archers (Elf:3)
  2 Shadow Fiends (Pan)
  2 storm dragons
  7 sphinxes
  A quicksilver dragon (shapeshifter) (Zig:6)
  An octopode crusher (Depths:3)
  2 krakens
  8 tentacled starspawn
  6 shadow dragons
  13 tengu reavers
  21 acid blobs
  3 warmongers (Pan)
  26 Executioners
  Rupert (D:15)
  6 thorn hunters
  Agnes (Shoals:2)
  Frances (Shoals:1)
  Kirke (D:15)
  2 daevas (Pan)
  An azure jelly (shapeshifter) (Zig:9)
  9 fire giants
  Ilsuiw (Shoals:4)
  3 draconian monks
  21 greater nagas
  2 draconian scorchers
  9 deep elf sorcerers
  Donald (Lair:7)
  Wiglaf (Vaults:5)
  13 azure jellies
  Maud (D:14)
  3 draconian knights (Zig:14)
  20 balrugs
  9 frost giants
  Aizul (Snake:1)
  Louise (Elf:2)
  17 cacodemons
  2 emperor scorpions
  2 ghost moths (Zig:7)
  22 vault wardens
  An iron dragon (Depths:3)
  Gastronok (Lair:2)
  A draconian zealot (Zig:3)
  9 blood saints
  2 ghouls (Zig:8)
  Jorgrun (Depths:1)
  9 reapers
  4 orc warlords
  A draconian shifter (Depths:5)
  9 war gargoyles
  6 angels
  5 draconian annihilators
  22 very ugly things
  21 stone giants
  8 deep elf demonologists
  3 rakshasas (Depths:2)
  2 spriggan defenders (Depths:5)
  4 vampire knights
  5 corrupters (Pan)
  6 lorocyprocas
  5 chaos champions
  4 green draconians
  A dire elephant (Depths:3)
  2 red draconians
  A white draconian (Depths:5)
  2 purple draconians
  A yellow draconian (Zig:5)
  A mottled draconian (Zig:3)
  17 deep elf annihilators
  5 black suns (Pan)
  A dire elephant (shapeshifter) (Zig:9)
  8 blizzard demons
  A minotaur (Depths:5)
  4 jiangshi
  18 ettins
  Snorg (D:14)
  4 merfolk javelineers
  A minotaur (shapeshifter) (Depths:2)
  8 merfolk impalers
  8 crystal guardians (Depths:4)
  10 deep elf death magi
  34 vault guards
  4 deep elf high priests
  4 death oozes
  Josephine (Orc:4)
  9 fire dragons
  11 green deaths
  12 ironheart preservers
  15 yaktaur captains
  11 ice dragons
  3 mummy priests (Zig:11)
  Fannar (Lair:6)
  20 hydras
  14 great orbs of eyes
  2 hydras (shapeshifter)
  7 ravenous item mimics (Depths:4)
  53 large abominations
  14 naga warriors
  5 sirens
  11 monstrous demonspawn (Pan)
  Nessos (D:15)
  2 shambling mangroves (Zig:15)
  3 ghost crabs (shapeshifter)
  3 spriggan air magi
  10 anacondas
  Erica (D:15)
  A ghost crab (Zig:2)
  16 ogre magi
  13 centaur warriors
  An alligator (Zig:6)
  A ravenous feature mimic (Vaults:5)
  3 alligator snapping turtles
  14 merfolk aquamancers
  3 deep troll earth magi
  A tengu warrior (D:13)
  A death yak (shapeshifter) (Depths:4)
  13 death yaks
  An anaconda (shapeshifter) (Vaults:5)
  15 dancing weapons
  8 hell hogs
  A titan zombie (Zig:18)
  3 satyrs
  12 shock serpents
  A shock serpent (shapeshifter) (Depths:4)
  4 vampire magi
  4 spriggan berserkers
  16 naga sharpshooters
  Urug (D:11)
  20 deep elf knights
  4 salamander mystics
  24 sun demons
  7 orc high priests
  Nergalle (D:14)
  4 hell knights (Depths:3)
  7 deep troll shamans
  A catoblepas (Zig:4)
  15 ice devils
  A storm dragon zombie (Zig:18)
  14 soul eaters
  10 shadow wraiths
  5 iron trolls
  14 wretched stars
  26 starcursed masses
  A catoblepas (shapeshifter) (Zig:8)
  A titan skeleton (Zig:18)
  14 skeletal warriors
  15 sea snakes
  2 fire crabs
  An iron troll (shapeshifter) (Zig:8)
  7 shadow demons
  2 spatial maelstroms (Abyss:3)
  3 orb spiders (Zig:18)
  2 golden dragon zombies (Zig:18)
  2 flayed ghosts
  Erolcha (Orc:2)
  4 ball lightnings
  A fire crab (shapeshifter) (Depths:3)
  5 giant orange brains
  A swamp dragon (shapeshifter) (Vaults:5)
  15 deep trolls
  10 deep elf summoners
  4 swamp dragons (Zig:15)
  3 infernal demonspawn (Pan)
  17 ironbrand convokers
  4 lindwurms
  A dwarf zombie (Vaults:5)
  A death drake (Zig:6)
  5 unseen horrors
  A silver statue (Depths:4)
  9 gelid demonspawn (Pan)
  23 harpies
  28 deep elf conjurers
  Pikel (D:9)
  6 putrid demonspawn (Pan)
  3 torturous demonspawn (Pan)
  2 shadow dragon zombies
  13 naga ritualists
  6 wizards
  22 orc knights
  15 hill giants
  A wolf spider zombie (D:15)
  3 golden dragon skeletons
  13 mana vipers
  4 red wasps
  2 sphinx zombies
  A cyclops (shapeshifter) (Depths:2)
  7 necromancers
  11 wolf spiders
  13 manticores
  8 oklob plants
  2 red wasps (shapeshifter)
  7 griffons
  15 orc sorcerers
  5 stone giant zombies
  4 iron dragon skeletons
  A salamander (shapeshifter) (D:15)
  9 hellions
  A shining eye (shapeshifter) (Vaults:5)
  12 shining eyes
  10 fauns
  5 worldbinders
  An octopode (shapeshifter) (Depths:4)
  14 salamanders
  39 sixfirhies
  3 frost giant skeletons
  49 ugly things
  A moth of wrath (shapeshifter) (Depths:4)
  5 phantasmal warriors
  3 sphinx skeletons
  35 black mambas
  27 smoke demons
  3 drowned souls
  3 water nymphs
  8 apocalypse crabs
  8 cyclopes
  11 elephants
  A fire giant skeleton (Vaults:2)
  A centaur zombie (D:15)
  14 mermaids
  6 eyes of devastation
  37 naga magi
  Joseph (D:11)
  17 vault sentinels
  A feature mimic (Shoals:5)
  6 molten gargoyles
  8 guardian serpents
  6 moths of wrath
  2 stone giant skeletons
  13 tormentors
  4 gargoyles
  2 torpor snails
  5 yaktaur zombies
  2 spiny frogs (shapeshifter)
  3 kobold demonologists
  A torpor snail (shapeshifter) (Vaults:5)
  An eye of devastation (shapeshifter) (Depths:4)
  A queen ant (D:12)
  A shock serpent skeleton (Pan)
  7 komodo dragons
  A centaur skeleton (D:11)
  2 merfolk zombies (Zig:16)
  24 orange demons
  19 spiny frogs
  A yaktaur (shapeshifter) (Depths:4)
  3 elves (shapeshifter)
  12 iron devils
  An item mimic (Elf:3)
  13 demonic crawlers
  2 green draconian zombies (Depths:5)
  3 efreet
  17 deep elf priests
  13 freezing wraiths
  A fire drake (shapeshifter) (Vaults:5)
  49 yaktaurs
  20 hellwings
  2 jumping spiders
  An iron troll zombie (Zig:17)
  2 spriggan druids
  8 fire drakes
  A polar bear (shapeshifter) (Abyss:3)
  3 guardian mummies (Zig:11)
  16 red devils
  A hydra zombie (D:13)
  5 hell beasts
  13 wind drakes
  10 tengu conjurers
  3 giant leeches
  12 trolls
  A merfolk (shapeshifter) (Elf:1)
  8 polar bears
  A troll (shapeshifter) (D:14)
  14 ancient zymes
  12 blue devils
  36 merfolk
  8 raiju
  3 baby alligators (shapeshifter)
  3 snapping turtles
  2 harpy skeletons
  An ice dragon zombie (Depths:5)
  2 ettin zombies (Vaults:5)
  A frost giant simulacrum (Zig:11)
  127 slime creatures
  35 two-headed ogres
  A blink frog (shapeshifter) (Elf:1)
  A bog body (Zig:15)
  A fire dragon zombie (Depths:5)
  15 blink frogs
  6 boulder beetles
  7 ravens
  A catoblepas skeleton (D:13)
  A sphinx simulacrum (Vaults:4)
  9 vampires
  6 redbacks
  13 air elementals
  27 ynoxinuls
  An alligator skeleton (Pan)
  A trapdoor spider (Zig:7)
  6 wraiths
  3 tarantellas
  3 basilisks
  2 trapdoor spiders (shapeshifter)
  15 flying skulls
  A hippogriff (shapeshifter) (Vaults:3)
  38 deep elf magi
  11 hippogriffs
  A griffon skeleton (D:11)
  15 hogs
  A yak (shapeshifter) (Depths:4)
  45 yaks
  A hill giant zombie (D:15)
  A tarantella (shapeshifter) (Depths:4)
  37 water elementals
  32 neqoxecs
  3 hungry ghosts
  2 shadows
  9 wargs
  3 wyverns
  A human (D:14)
  23 vampire mosquitoes
  12 chaos spawn
  5 spriggans
  14 golden eyes
  2 deep troll zombies (Depths:5)
  5 fire elementals
  A spatial vortex (Abyss:3)
  An elf simulacrum (Zig:11)
  45 deep elf fighters
  30 human zombies
  49 nagas
  4 soldier ants (D:12)
  Menkaure (D:6)
  11 small abominations
  40 wolves
  8 hell hounds
  44 water moccasins
  A mottled dragon (D:14)
  2 slaves (D:9)
  70 orc warriors
  3 sky beasts
  3 swamp drakes
  An ogre skeleton (D:15)
  12 porcupines
  4 yellow wasps
  4 ice beasts
  5 human skeletons
  5 spiders
  8 black bears
  A phantom (D:8)
  50 ogres
  2 necrophages
  5 elf zombies
  A spider (shapeshifter) (Depths:3)
  28 centaurs
  A boring beetle (shapeshifter) (Depths:4)
  3 hog zombies (D:15)
  2 manticore skeletons (D:15)
  8 boggarts
  3 boring beetles
  3 ettin simulacra
  A spectral two-headed ogre (Zig:2)
  A crocodile (shapeshifter) (Vaults:2)
  Duvessa (Orc:1)
  6 big kobolds
  9 brain worms
  15 giant frogs
  2 yaktaur skeletons
  A cyclops zombie (D:12)
  8 insubstantial wisps
  15 crocodiles
  16 eyes of draining
  A cyclops skeleton (D:15)
  4 scorpions
  9 earth elementals (Depths:4)
  18 killer bees
  2 naga zombies (Zig:16)
  A warg skeleton (Orc:4)
  A troll zombie (Vaults:5)
  4 tengu zombies
  5 wights
  A hippogriff skeleton (D:11)
  2 troll skeletons
  34 jellies
  A tengu skeleton (D:15)
  Dowan (Orc:1)
  A giant frog zombie (D:12)
  24 hounds
  6 crimson imps
  A goliath beetle (D:6)
  5 quasits
  6 electric eels (D:12)
  8 orange rats
  A yellow wasp zombie (Depths:5)
  38 orc priests
  A two-headed ogre zombie (Vaults:5)
  A gnoll shaman (D:7)
  A basilisk zombie (D:11)
  5 iron imps
  A giant frog skeleton (D:12)
  12 iguanas
  7 elf skeletons
  A lightning spire (Zig:13)
  35 orc wizards
  27 worker ants
  14 sheep
  6 ogre zombies
  A mottled dragon zombie (D:13)
  A mottled dragon skeleton (D:13)
  A naga skeleton (Pan)
  8 mummies
  25 adders
  16 gnolls
  6 shadow imps
  66 green rats
  8 white imps
  64 ufetubi
  18 worms
  An iguana zombie (D:5)
  An adder zombie (D:9)
  A spectral green rat (Depths:4)
  3 giant eyeballs (Pan)
  3 giant geckos
  An ooze (shapeshifter) (Depths:4)
  An ooze (D:4)
  238 orcs
  A bat skeleton (D:6)
  A bat zombie (D:6)
  2 giant cockroaches
  40 goblins
  31 hobgoblins
  14 jackals
  8 kobolds
  9 quokkas
  10 bats
  3 giant newts (D:4)
  2 goblin zombies (Zig:17)
  A hobgoblin zombie (Zig:17)
  A kobold skeleton (D:5)
  An orc simulacrum (Orc:4)
  2 orc skeletons (D:7)
  23 orc zombies
  19 rats
  A rat zombie (D:8)
  7 briar patches (Zig:15)
  A bush (Lair:6)
  4 crawling corpses
  41 fungi
  2 grand avatars (Pan)
  67 plants
  4 starspawn tentacles
  3 tentacles (Shoals:4)
  3 tentacle segments
4279 creatures vanquished.

Vanquished Creatures (collateral kills)
  A pandemonium lord (Pan)
  A reaper (Zig:11)
  A yellow draconian (Zot:1)
  A death ooze (Slime:6)
  An ice dragon (Zot:1)
  A hellion (Pan)
  An oklob plant (Zig:10)
  A spiny frog (shapeshifter) (Depths:5)
  A water elemental (Shoals:4)
9 creatures vanquished.

Vanquished Creatures (others)
  The ghost of Tarquin the Destroyer, a great OpFE of Sif Muna (Depths:2)
  Asterion (Snake:2)
  A storm dragon (Zig:12)
  2 eldritch tentacles (Pan)
  A greater naga (Zig:13)
  A very ugly thing (Depths:4)
  A blood saint (Pan)
  A draconian annihilator (Pan)
  A spectral weapon (Snake:2)
  A crystal guardian (Depths:4)
  A deep elf high priest (Zig:2)
  A green death (Pan)
  A hell hog (Pan)
  5 ball lightnings
  A wizard (D:15)
  A giant orange brain (shapeshifter) (Depths:4)
  A harpy (Shoals:4)
  A necromancer (Vaults:1)
  A moth of wrath (Zot:1)
  A sixfirhy (Pan)
  A guardian serpent (Zig:13)
  A black mamba (Snake:3)
  9 drowned souls
  6 water elementals
  A yaktaur (Vaults:1)
  A wind drake (Depths:4)
  3 ravens (Zig:15)
  A boulder beetle (Zig:12)
  2 ynoxinuls (Pan)
  3 air elementals (Depths:5)
  A spriggan zombie (Depths:5)
  An elf zombie (Zig:18)
  A fire elemental (Depths:4)
  2 deep elf fighters
  A deep troll zombie (Depths:5)
  An ogre zombie (Vaults:5)
  A porcupine (Depths:2)
  2 nagas (Snake:5)
  2 orc warriors
  A small abomination (Abyss:5)
  A swamp drake (Zig:15)
  7 lost souls
  2 earth elementals
  An electric eel (D:9)
  A shadow imp (D:15)
  8 ufetubi
  A giant eyeball (Pan)
  A bat (D:9)
  A lurking horror (Abyss:5)
  4 briar patches (Zig:15)
  184 eldritch tentacle segments (Pan)
  10 fungi
  16 plants
  10 starspawn tentacles
  20 starspawn tentacle segments
  23 tentacles
  186 tentacle segments
542 creatures vanquished.

Grand Total: 4830 creatures vanquished

Notes
Turn   | Place    | Note
--------------------------------------------------------------
     0 | D:1      | 4tharraofdagon, the Draconian Venom Mage, began the quest for the Orb.
     0 | D:1      | Reached XP level 1. HP: 14/14 MP: 3/3
   177 | D:2      | Reached XP level 2. HP: 11/22 MP: 0/4
   195 | D:2      | Found an ancient bone altar of Kikubaaqudgha.
   212 | D:2      | Reached skill level 1 in Axes
   227 | D:1      | HP: 1/22 [poisoned by an adder]
   342 | D:2      | Reached skill level 1 in Fighting
   342 | D:2      | Reached XP level 3. HP: 6/28 MP: 0/6
   356 | D:2      | Learned a level 3 spell: Mephitic Cloud
   359 | D:2      | Learned a level 2 spell: Cure Poison
   736 | D:4      | Noticed Iskender's ghost (average OpVM)
   763 | D:4      | Noticed an ogre
   798 | D:4      | Killed an ogre
   798 | D:4      | Reached XP level 4. HP: 6/36 MP: 1/7
  1150 | D:4      | Noticed an ogre
  1176 | D:4      | Killed an ogre
  1176 | D:4      | Reached XP level 5. HP: 40/42 MP: 0/9
  1303 | D:5      | Entered Level 5 of the Dungeon
  1519 | D:6      | Noticed an ogre
  1533 | D:6      | Killed an ogre
  1533 | D:6      | Reached XP level 6. HP: 47/50 MP: 5/10
  1698 | D:6      | Noticed Menkaure
  1699 | D:6      | Noticed an ogre
  1708 | D:6      | Noticed an ogre
  1711 | D:5      | Noticed an ogre
  1726 | D:5      | Killed an ogre
  1798 | D:5      | Found a staircase to the Ecumenical Temple.
  1808 | Temple   | Entered the Ecumenical Temple
  1850 | Temple   | Became a worshipper of Qazlal Stormbringer
  1968 | D:5      | Reached skill level 1 in Invocations
  1968 | D:5      | Your scales start taking on a rich purple colour.
  1968 | D:5      | Reached XP level 7. HP: 39/57 MP: 8/12
  1991 | D:4      | Reached skill level 5 in Axes
  2244 | D:6      | Killed Menkaure
  2263 | D:6      | Killed an ogre
  2630 | D:7      | Reached XP level 8. HP: 57/66 MP: 11/14
  2638 | D:7      | Found a flagged portal.
  2649 | D:7      | Acquired Qazlal's first power
  2658 | Bailey   | Entered a bailey
  2680 | Bailey   | Reached skill level 6 in Axes
  2792 | Bailey   | Acquired Qazlal's second power
  2945 | Bailey   | Reached skill level 5 in Fighting
  3069 | Bailey   | Reached skill level 7 in Axes
  3069 | Bailey   | Reached skill level 5 in Invocations
  3196 | Bailey   | Noticed an orc knight
  3197 | Bailey   | Noticed an orc knight
  3214 | Bailey   | Noticed an orc warlord
  3582 | D:7      | Reached skill level 5 in Dodging
  3750 | D:7      | Reached XP level 9. HP: 52/74 MP: 16/18
  3774 | D:7      | Acquired Qazlal's third power
  3939 | D:8      | Got a fabulously ornate robe
  4257 | D:8      | Reached skill level 8 in Axes
  4561 | D:9      | :(
  4707 | D:9      | Noticed Pikel
  4737 | D:9      | Killed Pikel
  4963 | D:10     | Entered Level 10 of the Dungeon
  5044 | D:10     | Reached XP level 10. HP: 84/84 MP: 21/21
  5066 | D:10     | Found a staircase to the Orcish Mines.
  5088 | D:10     | Acquired Qazlal's fourth power
  5091 | D:10     | Killed an unseen horror
  5091 | D:10     | Reached skill level 9 in Axes
  5322 | D:11     | Found a staircase to the Lair.
  5334 | D:11     | Noticed a hill giant
  5346 | D:11     | Killed a hill giant
  5546 | D:11     | Noticed Urug
  5561 | D:11     | Killed Urug
  5561 | D:11     | Reached skill level 10 in Axes
  5561 | D:11     | Reached skill level 1 in Shields
  5790 | D:12     | Reached XP level 11. HP: 49/92 MP: 17/24
  5794 | D:12     | Noticed a cyan ugly thing
  5999 | D:11     | Noticed a three-headed hydra
  6011 | D:11     | Killed a three-headed hydra
  6076 | D:11     | Noticed Joseph
  6352 | D:12     | Noticed a hill giant
  6377 | D:11     | Reached skill level 10 in Invocations
  6450 | D:11     | Killed Joseph
  6674 | D:12     | Acquired Qazlal's fifth power
  6691 | D:12     | Killed a hill giant
  6739 | D:12     | Reached skill level 11 in Axes
  6943 | D:12     | Killed a cyan ugly thing
  7282 | D:13     | Identified Sif Muna's Grimoire of the Birds
  7302 | D:13     | Noticed a four-headed hydra
  7313 | D:13     | Killed a seven-headed hydra
  7369 | D:13     | Reached XP level 12. HP: 69/103 MP: 16/26
  7495 | D:12     | Noticed a hill giant
  7509 | D:12     | Killed a hill giant
  7902 | D:13     | Noticed a tengu warrior
  7926 | D:13     | Killed a tengu warrior
  7994 | D:13     | Noticed a hill giant
  8016 | D:13     | Killed a hill giant
  8127 | D:13     | Noticed a five-headed hydra
  8131 | D:13     | Killed a five-headed hydra
  8131 | D:13     | Reached skill level 12 in Axes
  8307 | D:13     | Gained mutation: Your system is resistant to poisons. [mutagenic meat]
  8508 | D:14     | Noticed a centaur warrior
  8560 | D:14     | Killed a centaur warrior
  8724 | D:14     | Noticed a vault guard
  8724 | D:14     | Noticed Nergalle
  8976 | Lair:1   | Entered Level 1 of the Lair of Beasts
  9063 | Lair:1   | Noticed an eight-headed hydra
  9070 | Lair:1   | Reached skill level 10 in Fighting
  9073 | Lair:1   | Killed an eight-headed hydra
  9162 | Lair:1   | Reached XP level 13. HP: 52/113 MP: 21/29
  9312 | Lair:1   | Reached skill level 13 in Invocations
  9380 | Lair:1   | Found a bloodstained altar of Trog.
  9872 | Lair:2   | Noticed Gastronok
  9893 | Lair:2   | Killed Gastronok
 10497 | Lair:4   | Learned a level 3 spell: Flight
 11008 | Lair:5   | Learned a level 1 spell: Apportation
 11011 | Lair:5   | Learned a level 2 spell: Blink
 11234 | Lair:5   | Reached skill level 14 in Invocations
 11332 | Lair:5   | Reached skill level 1 in Translocations
 11770 | Lair:6   | Noticed Fannar
 11780 | Lair:6   | Killed Fannar
 11780 | Lair:6   | Reached XP level 14. HP: 97/124 MP: 30/30
 11925 | Lair:6   | Reached skill level 10 in Dodging
 11925 | Lair:6   | Reached skill level 15 in Invocations
 11925 | Lair:6   | Reached XP level 15. HP: 130/130 MP: 30/32
 12009 | Lair:6   | Found a staircase to the Snake Pit.
 12488 | Lair:8   | Entered Level 8 of the Lair of Beasts
 12703 | Lair:8   | Reached skill level 5 in Spellcasting
 13787 | Orc:1    | Entered Level 1 of the Orcish Mines
 13882 | Orc:2    | Noticed Erolcha
 13890 | Orc:2    | Killed Erolcha
 14091 | Orc:2    | Found a roughly hewn altar of Beogh.
 14139 | Orc:2    | Found a dark tunnel.
 14150 | Volcano  | Entered a volcano
 14718 | Orc:3    | Found a staircase to the Elven Halls.
 14886 | Orc:4    | Entered Level 4 of the Orcish Mines
 15031 | Orc:1    | Found Ozuu's Magic Scroll Shop.
 15031 | Orc:1    | Noticed Dowan
 15031 | Orc:1    | Noticed Duvessa
 15034 | Orc:1    | Killed Duvessa
 15035 | Orc:1    | Killed Dowan
 15066 | Orc:1    | Bought a scroll of teleportation for 39 gold pieces
 15066 | Orc:1    | Bought a scroll of teleportation for 39 gold pieces
 15066 | Orc:1    | Bought a scroll of magic mapping for 45 gold pieces
 15066 | Orc:1    | Bought a scroll of teleportation for 39 gold pieces
 15183 | Orc:4    | Noticed Josephine
 15201 | Orc:4    | Reached skill level 16 in Invocations
 15249 | Orc:4    | Killed Josephine
 15920 | Orc:4    | Reached XP level 16. HP: 139/139 MP: 33/33
 15955 | Orc:4    | Found Ukesae's General Store.
 15956 | Orc:4    | Found Azo Tiso's Jewellery Boutique.
 15957 | Orc:4    | Found Jeikhoock's Antique Armour Shop.
 15957 | Orc:4    | Found Giugosess' Antique Weapon Shop.
 15961 | Orc:4    | Bought a pair of runed gloves for 112 gold pieces
 15984 | Orc:4    | Bought the amulet "Nuda" {Ward rElec rF++ rC+ rN++} for 634 gold pieces
 15985 | Orc:4    | rotfl!
 15986 | Orc:4    | Bought the +6 battleaxe of Itisonea {freeze, +Rage rPois} for 902 gold pieces
 15986 | Orc:4    | Bought a scroll of teleportation for 48 gold pieces
 15986 | Orc:4    | Bought a potion of curing for 32 gold pieces
 15997 | Orc:4    | amulet of the god
 15997 | Orc:4    | Bought a cursed -3 ring of dexterity for 32 gold pieces
 15998 | Orc:4    | Bought a cursed -2 ring of evasion for 22 gold pieces
 16070 | Elf:1    | Entered Level 1 of the Elven Halls
 16845 | Elf:2    | Found a burning altar of Makhleb.
 16874 | Elf:2    | Noticed an Executioner
 17198 | Elf:2    | Noticed Louise
 17206 | Elf:3    | Entered Level 3 of the Elven Halls
 17279 | Elf:3    | Reached skill level 15 in Axes
 17541 | Elf:3    | Reached skill level 17 in Invocations
 17566 | Elf:3    | Got a warped wooden ring
 17568 | Elf:3    | Noticed a deep elf master archer
 17585 | Elf:3    | Killed a deep elf master archer
 17682 | Elf:3    | Identified the ring of the Water Diviner {rF++ rC+ Str-3 Stlth+} (You took it off a deep elf sorcerer on level 3 of the Elven Halls)
 17852 | Elf:3    | Noticed a deep elf blademaster
 17854 | Elf:3    | Killed a deep elf blademaster
 17956 | Elf:3    | Noticed a deep elf master archer
 17980 | Elf:3    | Killed a deep elf master archer
 18249 | Elf:3    | Noticed a deep elf blademaster
 18277 | Elf:3    | Killed a deep elf blademaster
 18489 | Elf:3    | Reached XP level 17. HP: 128/149 MP: 35/35
 18585 | Elf:3    | Got a twitching granite ring
 18615 | Elf:3    | Identified the ring of Rih Own {rPois rF+ Stlth-} (You took it off a deep elf mage on level 3 of the Elven Halls)
 18925 | Elf:3    | Gained mutation: Your skin changes colour to match your surroundings (Stealth). [potion of mutation]
 18925 | Elf:3    | Gained mutation: Your tail ends in a poisonous barb. [potion of mutation]
 18926 | Elf:3    | Gained mutation: You are frail (-10% HP). [potion of mutation]
 18926 | Elf:3    | Gained mutation: Your magical capacity is low (-10% MP). [potion of mutation]
 18926 | Elf:3    | Gained mutation: You are clumsy. (Dex -2) [potion of mutation]
 18927 | Elf:3    | Lost mutation: You are clumsy. (Dex -2) [potion of cure mutation]
 18927 | Elf:3    | Lost mutation: Your system is resistant to poisons. [potion of cure mutation]
 18927 | Elf:3    | Lost mutation: You are frail (-10% HP). [potion of cure mutation]
 18927 | Elf:3    | Lost mutation: Your magical capacity is low (-10% MP). [potion of cure mutation]
 18927 | Elf:3    | Lost mutation: Your tail ends in a poisonous barb. [potion of cure mutation]
 18934 | Elf:3    | Learned a level 4 spell: Control Teleport
 18938 | Elf:3    | Got a crystal hunting sling
 18941 | Elf:3    | Identified the +6 hunting sling of Anger {velocity, Dex+3 Int-3} (You found it on level 3 of the Elven Halls)
 18963 | Elf:3    | Learned a level 3 spell: Conjure Flame
 18969 | Elf:3    | Learned a level 3 spell: Regeneration
 18973 | Elf:3    | Learned a level 3 spell: Spectral Weapon
 19012 | Elf:3    | Reached skill level 1 in Necromancy
 19063 | Elf:2    | Killed Louise
 19586 | D:9      | Found Buexaex's Assorted Antiques.
 19605 | D:9      | Bought a potion of heal wounds for 84 gold pieces
 19605 | D:9      | Bought a copper ring for 140 gold pieces
 19701 | Lair:1   | 4thArraOfDraka
 19822 | Snake:1  | Entered Level 1 of the Snake Pit
 19861 | Snake:1  | Reached skill level 18 in Invocations
 19948 | Snake:1  | Found Oxoemn's Gadget Shop.
 19971 | Snake:1  | Reached skill level 1 in Charms
 20083 | Snake:2  | Noticed Asterion
 20264 | Snake:2  | Killed Asterion
 20275 | Snake:2  | Got a slimy shield
 20282 | Snake:2  | Identified the +9 shield of the Mackerel {Dex+3 Int+1} (You found it on level 2 of the Snake Pit)
 20844 | Snake:2  | Found Remien's Armour Boutique.
 21221 | Snake:1  | Noticed Aizul
 21236 | Snake:1  | Killed Aizul
 21480 | Snake:3  | Got an ancient emerald amulet
 21482 | Snake:3  | Identified the amulet of Fasane {Inacc Stlth+} (You found it on level 3 of the Snake Pit)
 21739 | Snake:4  | HP: 7/151 [naga warrior/spear (21)]
 21920 | Snake:3  | Reached skill level 5 in Charms
 21967 | Snake:3  | Reached XP level 18. HP: 117/159 MP: 14/36
 22363 | Snake:5  | Entered Level 5 of the Snake Pit
 22624 | Snake:5  | Reached skill level 19 in Invocations
 23314 | Snake:5  | Got a serpentine rune of Zot
 23543 | Lair:6   | Found a staircase to the Shoals.
 23549 | Shoals:1 | Entered Level 1 of the Shoals
 23554 | Shoals:1 | Noticed Frances
 23571 | Shoals:1 | Killed Frances
 24031 | Shoals:2 | Noticed Agnes
 24173 | Shoals:2 | Killed Agnes
 24272 | Shoals:2 | Reached XP level 19. HP: 151/169 MP: 36/37
 24664 | Shoals:3 | Gained mutation: You can breathe flames. [potion of mutation]
 24664 | Shoals:3 | Gained mutation: Your body is misshapen. [potion of mutation]
 24664 | Shoals:3 | Gained mutation: Your mind is acute. (Int +2) [potion of mutation]
 24665 | Shoals:3 | Gained mutation: You are somewhat resistant to further mutation. [potion of mutation]
 24674 | Shoals:3 | Gained mutation: You are resistant to electric shocks. [potion of beneficial mutation]
 25139 | Shoals:4 | Reached skill level 15 in Fighting
 25159 | Shoals:4 | Reached skill level 20 in Invocations
 25473 | Shoals:5 | Entered Level 5 of the Shoals
 25477 | Shoals:5 | :o
 25792 | Shoals:5 | Noticed Ilsuiw
 25864 | Shoals:4 | Killed Ilsuiw
 26203 | Shoals:5 | Got a barnacled rune of Zot
 26273 | Shoals:5 | Identified Zuppacva's Further Progress in Sorcery (You found it on level 5 of the Shoals)
 26737 | Lair:7   | You fall through a shaft!
 27403 | Lair:7   | Found a staircase to the Slime Pits.
 27451 | Slime:1  | Entered Level 1 of the Pits of Slime
 27453 | Slime:1  | Noticed Donald
 27584 | Lair:7   | Killed Donald
 27851 | Slime:2  | Gained mutation: You have difficulty communicating with the divine. [a shining eye]
 28270 | Slime:3  | Reached XP level 20. HP: 161/179 MP: 10/38
 28582 | Slime:4  | Reached skill level 21 in Invocations
 29436 | Slime:6  | Entered Level 6 of the Pits of Slime
 29506 | Slime:6  | Noticed the royal jelly
 29593 | Slime:6  | Found a viscous altar of Jiyva.
 29652 | Slime:6  | Killed the royal jelly
 29760 | Slime:6  | Identified a +2 rod of clouds (13/13) (You found it on level 6 of the Pits of Slime)
 29784 | Slime:6  | Got a slimy rune of Zot
 29826 | Slime:6  | Got a sparkling silver amulet
 29828 | Slime:6  | Identified the amulet "Riaff" {Ward rElec rF+ rN++} (You found it on level 6 of the Pits of Slime)
 29829 | Slime:6  | i have to say this amu sucks
 29829 | Slime:6  | which is kinda awkward statement :)
 30040 | Lair:7   | Lost mutation: You are somewhat resistant to further mutation. [potion of cure mutation]
 30040 | Lair:7   | Lost mutation: Your body is misshapen. [potion of cure mutation]
 30040 | Lair:7   | Lost mutation: Your mind is acute. (Int +2) [potion of cure mutation]
 30040 | Lair:7   | Lost mutation: You can breathe flames. [potion of cure mutation]
 30040 | Lair:7   | Lost mutation: Your skin changes colour to match your surroundings (Stealth). [potion of cure mutation]
 30041 | Lair:7   | ehhh
 30319 | D:14     | Killed a vault guard
 30338 | D:14     | Killed Nergalle
 30343 | D:14     | Noticed a vault guard
 30343 | D:14     | Noticed a vault guard
 30344 | D:14     | Noticed an ogre mage
 30345 | D:14     | Noticed a vault guard
 30347 | D:14     | Killed a vault guard
 30353 | D:14     | Killed a vault guard
 30357 | D:14     | Killed a vault guard
 30359 | D:14     | Found a gate to the Vaults.
 30363 | D:14     | Killed an ogre mage
 30388 | D:14     | Noticed a vault guard
 30394 | D:14     | Killed a vault guard
 30417 | D:14     | Noticed Snorg
 30434 | D:14     | Killed Snorg
 30525 | D:14     | Noticed a centaur warrior
 30525 | D:14     | Noticed a centaur warrior
 30535 | D:14     | Killed a centaur warrior
 30538 | D:14     | Killed a centaur warrior
 30572 | D:14     | Noticed a yaktaur captain
 30572 | D:14     | Noticed a centaur warrior
 30577 | D:14     | Killed a centaur warrior
 30581 | D:14     | Killed a yaktaur captain
 30601 | D:14     | Gained mutation: You are dopey. (Int -2) [potion of mutation]
 30601 | D:14     | Gained mutation: You are weak. (Str -2) [potion of mutation]
 30641 | D:14     | Noticed Maud
 30658 | D:14     | Killed Maud
 30658 | D:14     | Reached XP level 21. HP: 185/188 MP: 40/40
 30718 | D:14     | Noticed a four-headed hydra
 30726 | D:14     | Killed an eight-headed hydra
 30809 | D:15     | Entered Level 15 of the Dungeon
 31051 | D:15     | Noticed Nessos
 31057 | D:15     | Noticed Erica
 31073 | D:15     | Killed Nessos
 31082 | D:15     | Killed Erica
 31082 | D:15     | Reached skill level 22 in Invocations
 31152 | D:15     | Noticed Kirke
 31175 | D:15     | Killed Kirke
 31175 | D:15     | Reached skill level 5 in Shields
 31211 | D:15     | Noticed Rupert
 31227 | D:15     | Killed Rupert
 31274 | D:15     | Found a shadowy altar of Dithmenos.
 31435 | D:15     | Found a staircase to the Depths.
 31440 | Depths:1 | Entered Level 1 of the Depths
 31488 | Depths:1 | Noticed Jorgrun
 31717 | Depths:1 | Killed Jorgrun
 31785 | Depths:1 | Found a portal to a secret trove of treasure.
 31843 | Depths:1 | Found a gateway to Hell.
 31959 | Depths:1 | Found a gateway to a ziggurat.
 32012 | Zig:1    | Entered Level 1 of a ziggurat
 32031 | Zig:2    | Entered Level 2 of a ziggurat
 32061 | Zig:3    | Entered Level 3 of a ziggurat
 32120 | Zig:4    | Entered Level 4 of a ziggurat
 32137 | Zig:4    | Got a pair of slimy gloves
 32148 | Zig:4    | Identified the cursed +2 pair of gloves of the Dropbear {rC+} (You found it on level 4 of a ziggurat)
 32164 | Zig:5    | Entered Level 5 of a ziggurat
 32203 | Zig:5    | Got a pair of ancient boots
 32214 | Zig:5    | Identified the cursed -3 pair of boots of Honour {+Inv +Fly} (You found it on level 5 of a ziggurat)
 32238 | Zig:6    | Entered Level 6 of a ziggurat
 32283 | Zig:6    | Identified the Grimoire of Necromancy (You found it on level 6 of a ziggurat)
 32292 | Zig:7    | Entered Level 7 of a ziggurat
 32476 | Zig:8    | Entered Level 8 of a ziggurat
 32480 | Zig:8    | Noticed a Killer Klown
 32485 | Zig:8    | Noticed a Killer Klown
 32508 | Zig:8    | Killed a Killer Klown
 32510 | Zig:8    | Killed a Killer Klown
 32510 | Zig:8    | Reached skill level 15 in Dodging
 32535 | Zig:8    | Identified the Handbook of Enthralling Attacks (You found it on level 8 of a ziggurat)
 32545 | Zig:9    | Entered Level 9 of a ziggurat
 32551 | Zig:9    | Noticed a Killer Klown
 32572 | Zig:9    | Reached XP level 22. HP: 161/198 MP: 39/40
 32599 | Zig:9    | Killed a Killer Klown
 32624 | Zig:9    | Lost mutation: You are resistant to electric shocks. [potion of cure mutation]
 32624 | Zig:9    | Lost mutation: You are weak. (Str -2) [potion of cure mutation]
 32624 | Zig:9    | Lost mutation: You are dopey. (Int -2) [potion of cure mutation]
 32624 | Zig:9    | Lost mutation: You have difficulty communicating with the divine. [potion of cure mutation]
 32629 | Zig:10   | Entered Level 10 of a ziggurat
 32652 | Zig:10   | Noticed Kettoucs the pandemonium lord
 32669 | Zig:10   | Killed Kettoucs the pandemonium lord
 32687 | Depths:1 | disaster area=one of the best thing i've discovered in crawl so far :o
 32893 | Depths:2 | Noticed Tarquin's ghost (great OpFE)
 32945 | Depths:2 | Killed Tarquin's ghost
 32947 | Depths:2 | rotfl
 33371 | Depths:2 | Found a basalt altar of Yredelemnul.
 33549 | Depths:3 | Reached skill level 23 in Invocations
 33957 | Depths:3 | Reached skill level 10 in Shields
 34004 | Depths:3 | Learned a level 6 spell: Haste
 34007 | Depths:3 | Found a one-way gate leading to the halls of Pandemonium.
 34090 | Depths:5 | Entered Level 5 of the Depths
 34118 | Depths:5 | Reached XP level 23. HP: 164/206 MP: 28/41
 34152 | Depths:5 | Found Qaemus' Blood Bar.
 34202 | Depths:5 | Noticed Boris
 34238 | Depths:5 | Noticed Xtahua
 34270 | Depths:5 | Killed Boris
 34303 | Depths:5 | Killed Xtahua
 34385 | Depths:4 | Gained mutation: You occasionally shout uncontrollably at your foes. [a shining eye]
 34869 | Depths:4 | Got a smoking glass ring
 34871 | Depths:4 | Identified the ring "Laimiklo" {-Tele +Fly AC+4} (You found it on level 4 of the Depths)
 34947 | Depths:4 | Got a pitted turquoise ring
 34949 | Depths:4 | Identified the ring of Jotamuv {AC+2 Dex-5} (You found it on level 4 of the Depths)
 35074 | Depths:4 | Found a one-way gate to the infinite horrors of the Abyss.
 35492 | Depths:5 | Found a gate to the Realm of Zot.
 35546 | Zot:1    | Entered Level 1 of the Realm of Zot
 35980 | Vaults:1 | Entered Level 1 of the Vaults
 36212 | Vaults:1 | Reached XP level 24. HP: 141/214 MP: 40/42
 36212 | Vaults:1 | Reached skill level 10 in Charms
 36406 | Vaults:1 | Found Nantos' Magic Scroll Boutique.
 36432 | Vaults:1 | Found Crao's Antique Weapon Boutique.
 36435 | Vaults:1 | Bought a scroll of teleportation for 33 gold pieces
 36435 | Vaults:1 | Bought a scroll of identify for 22 gold pieces
 36435 | Vaults:1 | Bought a scroll of teleportation for 33 gold pieces
 36435 | Vaults:1 | Bought a scroll of acquirement for 572 gold pieces
 36435 | Vaults:1 | Bought a scroll of silence for 82 gold pieces
 36453 | Vaults:1 | Reached skill level 24 in Invocations
 36487 | Vaults:1 | Found Wotieho's Book Shop.
 36723 | Vaults:1 | Found Wiunamus' Antique Armour Emporium.
 36723 | Vaults:1 | Found Cumous' Food Shop.
 36752 | Vaults:1 | Bought a pair of bloodstained boots for 247 gold pieces
 36767 | Vaults:1 | Identified the +1 pair of boots of the Hot Ocelot {rF+ Int-2 SInv Stlth--} (You bought it in a shop on level 1 of the Vaults)
 36783 | Vaults:1 | Bought a pair of embroidered boots for 117 gold pieces
 36794 | Vaults:1 | Identified a +1 pair of boots of running (You bought it in a shop on level 1 of the Vaults)
 37202 | Vaults:2 | Gained mutation: Potions and wands are less effective at restoring your health. [a Zot trap]
 37214 | Vaults:2 | Noticed Frederick
 37230 | Vaults:2 | Killed Frederick
 37756 | Vaults:3 | Noticed Sojobo
 37781 | Vaults:3 | Killed Sojobo
 37782 | Vaults:3 | There is one king of storms now
 38092 | Vaults:4 | Found Khet's Distillery.
 38112 | Vaults:4 | Bought a potion of brilliance for 55 gold pieces
 38112 | Vaults:4 | Bought 2 potions of haste for 308 gold pieces
 38112 | Vaults:4 | Bought a potion of curing for 44 gold pieces
 38112 | Vaults:4 | Bought a potion of curing for 44 gold pieces
 38112 | Vaults:4 | Bought a potion of haste for 154 gold pieces
 38112 | Vaults:4 | Bought a potion of curing for 44 gold pieces
 38407 | Vaults:3 | Got a twitching silver amulet
 38409 | Vaults:3 | Identified the amulet of Sif Muna's Esteem {Inacc rC+} (You found it on level 3 of the Vaults)
 38518 | Vaults:3 | Noticed Mennas
 38569 | Vaults:3 | HP: 10/216 [Mennas/eudemon blade of holy wrath (24)]
 38661 | Vaults:3 | Noticed Norris
 38675 | Vaults:3 | Killed Norris
 39006 | Vaults:3 | Reached XP level 25. HP: 188/223 MP: 43/43
 39355 | Vaults:4 | Reached skill level 25 in Invocations
 39412 | Vaults:4 | lets destroy the party
 39412 | Vaults:4 | im the party booper!
 39413 | Vaults:5 | Entered Level 5 of the Vaults
 39414 | Vaults:5 | KA-KRASH!
 39500 | Vaults:5 | Noticed Wiglaf
 39506 | Vaults:5 | Killed Wiglaf
 39624 | Vaults:5 | Noticed an ancient lich
 39646 | Vaults:5 | Killed an ancient lich
 39679 | Vaults:5 | Found Brahicso's Antique Armour Shoppe.
 39731 | Vaults:5 | Reached XP level 26. HP: 44/234 MP: 9/44
 39965 | Vaults:5 | Found Cianwoaz's Book Boutique.
 39967 | Vaults:5 | Found Ghasicet's Distillery.
 40023 | Vaults:5 | Bought a potion of brilliance for 40 gold pieces
 40023 | Vaults:5 | Bought 2 potions of curing for 64 gold pieces
 40023 | Vaults:5 | Bought a potion of curing for 32 gold pieces
 40023 | Vaults:5 | Bought a potion of might for 40 gold pieces
 40023 | Vaults:5 | Bought a potion of curing for 32 gold pieces
 40023 | Vaults:5 | Bought a potion of might for 40 gold pieces
 40040 | Vaults:5 | Identified the Volume of Gliding Aid (You found it on level 5 of the Vaults)
 40108 | Vaults:5 | Found Hedipuc's Antique Armour Boutique.
 40204 | Vaults:5 | Found Klaedamp's Book Shoppe.
 40209 | Vaults:5 | Klaedamp's Book Shoppe was a mimic.
 40304 | Vaults:5 | Found Schaow's Distillery.
 40308 | Vaults:5 | Bought a potion of heal wounds for 45 gold pieces
 40308 | Vaults:5 | Bought a potion of magic for 82 gold pieces
 40308 | Vaults:5 | Bought a potion of curing for 30 gold pieces
 40308 | Vaults:5 | Bought a potion of brilliance for 37 gold pieces
 40310 | Vaults:5 | Found Qoiso's Distillery.
 40317 | Vaults:5 | Bought 2 potions of might for 75 gold pieces
 40317 | Vaults:5 | Bought a potion of agility for 37 gold pieces
 40317 | Vaults:5 | Bought a potion of agility for 37 gold pieces
 40317 | Vaults:5 | Bought a potion of curing for 30 gold pieces
 40317 | Vaults:5 | Bought a potion of restore abilities for 45 gold pieces
 40317 | Vaults:5 | Bought a potion of agility for 37 gold pieces
 40317 | Vaults:5 | Bought a potion of resistance for 105 gold pieces
 40318 | Vaults:5 | Bought a potion of haste for 105 gold pieces
 40333 | Vaults:5 | Found Skast's Magic Scroll Emporium.
 40333 | Vaults:5 | Found Goevor's Food Shop.
 40337 | Vaults:5 | Bought a scroll of teleportation for 54 gold pieces
 40337 | Vaults:5 | Bought a scroll of magic mapping for 63 gold pieces
 40337 | Vaults:5 | Bought a scroll of magic mapping for 63 gold pieces
 40337 | Vaults:5 | Bought a scroll of identify for 36 gold pieces
 40337 | Vaults:5 | Bought a scroll of identify for 36 gold pieces
 40337 | Vaults:5 | Bought a scroll of identify for 36 gold pieces
 40337 | Vaults:5 | Bought a scroll of identify for 36 gold pieces
 40338 | Vaults:5 | Bought a scroll of silence for 135 gold pieces
 40338 | Vaults:5 | Bought a scroll of silence for 135 gold pieces
 40338 | Vaults:5 | Bought a scroll of fog for 36 gold pieces
 40351 | Vaults:5 | Found Coopegri's Food Shop.
 40351 | Vaults:5 | Found Kuhaddoq's Food Shoppe.
 40354 | Vaults:5 | Found Zioqurch's Distillery.
 40365 | Vaults:5 | Found Remye's Magic Scroll Shoppe.
 40369 | Vaults:5 | Bought a scroll of teleportation for 63 gold pieces
 40369 | Vaults:5 | Bought a scroll of teleportation for 63 gold pieces
 40369 | Vaults:5 | Bought a scroll of identify for 42 gold pieces
 40369 | Vaults:5 | Bought a scroll of identify for 42 gold pieces
 40369 | Vaults:5 | Bought a scroll of identify for 42 gold pieces
 40370 | Vaults:5 | Bought a scroll of identify for 42 gold pieces
 40370 | Vaults:5 | Bought a scroll of identify for 42 gold pieces
 40382 | Vaults:5 | Bought a potion of agility for 40 gold pieces
 40382 | Vaults:5 | Bought a potion of agility for 40 gold pieces
 40382 | Vaults:5 | Bought a potion of curing for 32 gold pieces
 40422 | Vaults:5 | Reached skill level 26 in Invocations
 40440 | Vaults:5 | Got a silver rune of Zot
 40616 | Vaults:5 | Bought the +0 cloak of Starlight {rElec rC+ EV+4 Stlth-} for 1554 gold pieces
 40685 | Vaults:5 | Bought a potion of curing for 32 gold pieces
 40685 | Vaults:5 | Bought a potion of beneficial mutation for 560 gold pieces
 40688 | Vaults:5 | Gained mutation: You can spit poison. [potion of beneficial mutation]
 41079 | Depths:3 | Voluntarily entered the Abyss.
 41217 | Abyss:2  | Gained mutation: You possess an exceptional clarity of mind. [a neqoxec]
 41547 | Abyss:3  | Paralysed by accursed screaming for 1 turns
 41568 | Abyss:3  | Found a shadowy altar of Dithmenos.
 41613 | Abyss:3  | Found a corrupted altar of Lugonu.
 41623 | Abyss:3  | Gained mutation: Your vision is a little blurry. [a neqoxec]
 41739 | Abyss:4  | Paralysed by you for 5 turns
 41782 | Abyss:5  | Entered Level 5 of the Abyss
 41782 | Abyss:5  | Found a corrupted altar of Lugonu.
 41875 | Abyss:5  | Gained mutation: You sometimes yell uncontrollably at your foes. [a neqoxec]
 41946 | Abyss:5  | Got an abyssal rune of Zot
 41972 | Abyss:5  | Found a corrupted altar of Lugonu.
 41992 | Abyss:5  | Found a corrupted altar of Lugonu.
 42025 | Abyss:5  | uhhh
 42093 | Abyss:5  | Found a corrupted altar of Lugonu.
 42153 | Abyss:5  | wtf
 42497 | Abyss:5  | Gained mutation: You are clumsy. (Dex -2) [a cacodemon]
 42594 | Abyss:5  | Lost mutation: Your vision is a little blurry. [a neqoxec]
 42595 | Depths:3 | Escaped the Abyss
 42807 | Pan      | Entered Pandemonium
 42978 | Pan      | Noticed Tivehah the pandemonium lord
 43048 | Pan      | ehhh
 43060 | Depths:3 | Escaped Pandemonium
 43063 | Depths:3 | thats how you end without tele ring :(
 43174 | Pan      | Entered Pandemonium
 43177 | Pan      | Found an exit through the horrors of the Abyss.
 43208 | Pan      | Got a transparent cloak
 43288 | Pan      | Identified the +2 cloak of Experimentation {rF++ Slay+4 SInv} (You found it in Pandemonium)
 43322 | Pan      | Reached XP level 27. HP: 196/244 MP: 45/45
 43420 | Pan      | Gained mutation: You are very clumsy. (Dex -4) [a neqoxec]
 43586 | Pan      | Noticed Azoll the pandemonium lord
 43602 | Pan      | Killed Azoll the pandemonium lord
 43626 | Pan      | Got a demonic rune of Zot
 43730 | Pan      | Noticed Yfruish the pandemonium lord
 43742 | Pan      | Reached skill level 27 in Invocations
 43808 | Pan      | Found an exit through the horrors of the Abyss.
 44012 | Pan      | Found an exit through the horrors of the Abyss.
 44064 | Pan      | Entered the realm of Mnoleg.
 44134 | Pan      | Paralysed by a giant eyeball for 4 turns
 44319 | Pan      | Paralysed by a giant eyeball for 2 turns
 44332 | Pan      | Paralysed by a giant eyeball for 2 turns
 44341 | Pan      | Paralysed by a giant eyeball for 2 turns
 44361 | Pan      | Noticed Mnoleg
 44429 | Pan      | Got a glowing rune of Zot
 44584 | Pan      | Entered the realm of Cerebov.
 44716 | Pan      | Got a slimy broad axe
 44717 | Pan      | Identified the +3 broad axe "Fahezaru" {flame, rF+} (You found it in Pandemonium)
 44742 | Pan      | Got a shimmering platinum amulet
 44744 | Pan      | Identified the amulet of Kuebonk {Ward rN+ Str+3 Int+2} (You found it in Pandemonium)
 44784 | Pan      | Noticed Cerebov
 44805 | Pan      | Got a fiery rune of Zot
 44898 | Pan      | ehhhhh
 45069 | Pan      | Learned a level 7 spell: Controlled Blink
 45105 | Pan      | Gained mutation: Your spells are a little easier to cast, but a little less powerful. [a neqoxec]
 45143 | Pan      | Entered the realm of Gloorx Vloq.
 45400 | Pan      | Reached skill level 5 in Translocations
 45449 | Pan      | Noticed Gloorx Vloq
 45473 | Pan      | Killed Gloorx Vloq
 45523 | Pan      | Got a dark rune of Zot
 45695 | Pan      | Found an exit through the horrors of the Abyss.
 45959 | Pan      | Found an exit through the horrors of the Abyss.
 46122 | Pan      | Found an exit through the horrors of the Abyss.
 46157 | Pan      | Entered the realm of Lom Lobon.
 46300 | Pan      | Reached skill level 10 in Translocations
 46409 | Pan      | Noticed Lom Lobon
 46445 | Pan      | Got a magical rune of Zot
 46457 | Pan      | ehhh
 46621 | Pan      | Found an exit through the horrors of the Abyss.
 46624 | Pan      | Gained mutation: Your body is slowly deteriorating. [a neqoxec]
 46758 | Pan      | Noticed Ghen the pandemonium lord
 46759 | Pan      | ehhhhhh
 46759 | Pan      | Gained mutation: Your vision is a little blurry. [a neqoxec]
 46879 | Pan      | Noticed Roepuod the pandemonium lord
 46909 | Pan      | Reached skill level 10 in Spellcasting
 46926 | Pan      | Noticed Jimnaol the pandemonium lord
 47065 | Pan      | Noticed Voyl the pandemonium lord
 47065 | Pan      | ehhhh
 47161 | Pan      | smitelize
 47250 | Pan      | Noticed Tanoasi the pandemonium lord
 47255 | Pan      | good
 47277 | Pan      | geesus
 47285 | Pan      | HP: 9/247 [Executioner (25)]
 47286 | Pan      | HP: 2/247 [Executioner (18)]
 47379 | Pan      | i have to get rid off crap muts!
 47530 | Pan      | Found a gateway to a ziggurat.
 47540 | Zig:1    | Entered Level 1 of a ziggurat
 47562 | Zig:2    | Entered Level 2 of a ziggurat
 47643 | Zig:2    | Lost mutation: Your vision is a little blurry. [potion of cure mutation]
 47643 | Zig:2    | Lost mutation: You are very clumsy. (Dex -4) [potion of cure mutation]
 47643 | Zig:2    | Lost mutation: You possess an exceptional clarity of mind. [potion of cure mutation]
 47643 | Zig:2    | Lost mutation: Your body is slowly deteriorating. [potion of cure mutation]
 47646 | Zig:3    | Entered Level 3 of a ziggurat
 47651 | Zig:4    | Entered Level 4 of a ziggurat
 47689 | Zig:5    | Entered Level 5 of a ziggurat
 47735 | Zig:6    | Entered Level 6 of a ziggurat
 47780 | Zig:7    | Entered Level 7 of a ziggurat
 47836 | Zig:8    | Entered Level 8 of a ziggurat
 47841 | Zig:8    | Noticed an ancient lich
 47852 | Zig:8    | Noticed an ancient lich
 47874 | Zig:8    | Killed an ancient lich
 47885 | Zig:8    | Killed an ancient lich
 47923 | Zig:8    | Lost mutation: You are clumsy. (Dex -2) [potion of cure mutation]
 47923 | Zig:8    | Lost mutation: You can spit poison. [potion of cure mutation]
 47923 | Zig:8    | Lost mutation: Potions and wands are less effective at restoring your health. [potion of cure mutation]
 47923 | Zig:8    | Lost mutation: Your spells are a little easier to cast, but a little less powerful. [potion of cure mutation]
 48000 | Zig:9    | Entered Level 9 of a ziggurat
 48026 | Zig:9    | Reached skill level 5 in Evocations
 48080 | Zig:9    | Got a faintly glowing copper ring
 48102 | Zig:10   | Entered Level 10 of a ziggurat
 48200 | Zig:11   | Entered Level 11 of a ziggurat
 48238 | Zig:11   | HP: 11/251 [reaper/runed scythe[an indirect mummy death curse] (30)]
 48266 | Zig:11   | Got a shimmering bronze ring
 48267 | Zig:11   | Identified the ring "Froamm" {Contam rC++ rN+ MR++ AC+2 Int-2} (You found it on level 11 of a ziggurat)
 48270 | Zig:11   | Identified the ring "Kiadasa" {rF+ rN+ Stlth+} (You found it on level 9 of a ziggurat)
 48360 | Zig:12   | Entered Level 12 of a ziggurat
 48429 | Zig:12   | Got an ichor-stained battleaxe
 48430 | Zig:12   | Identified the cursed -2 battleaxe "Epringir" {distort, rN+ Stlth+} (You found it on level 12 of a ziggurat)
 48433 | Zig:13   | Entered Level 13 of a ziggurat
 48465 | Zig:13   | Reached skill level 15 in Spellcasting
 48501 | Zig:14   | Entered Level 14 of a ziggurat
 48513 | Zig:14   | Noticed an ancient lich
 48516 | Zig:14   | Killed an ancient lich
 48571 | Zig:14   | Got a faintly glowing hand axe
 48572 | Zig:14   | Identified the +3 hand axe of Croad {chop, rPois rN+ Str+3} (You found it on level 14 of a ziggurat)
 48594 | Zig:15   | Entered Level 15 of a ziggurat
 48708 | Zig:16   | Entered Level 16 of a ziggurat
 48726 | Zig:16   | Noticed an ancient lich
 48727 | Zig:16   | hello,im party pooper
 48749 | Zig:16   | Killed an ancient lich
 48832 | Zig:17   | Entered Level 17 of a ziggurat
 48853 | Zig:17   | hello
 48853 | Zig:17   | ding dong
 48853 | Zig:17   | whose there
 48853 | Zig:17   | PARTY POOPER
 48895 | Zig:17   | Got a shimmering granite ring
 48895 | Zig:17   | Got a wavering marble ring
 48896 | Zig:17   | Identified the ring "Ohest" {Fire Str-4 Dex+2} (You found it on level 17 of a ziggurat)
 48898 | Zig:17   | Identified the ring "Grorch Affot" {rF+ rN+ Dex+1 Int+4 SInv} (You found it on level 17 of a ziggurat)
 48959 | Zig:18   | Entered Level 18 of a ziggurat
 48981 | Zig:18   | Party Pooper #2
 49074 | Zig:19   | Entered Level 19 of a ziggurat
 49088 | Zig:19   | party pooper part 3
 49107 | Zig:19   | Killed from afar by a Hell Sentinel

Action                   |  1- 3 |  4- 6 |  7- 9 | 10-12 | 13-15 | 16-18 | 19-21 | 22-24 | 25-27 || total
-------------------------+-------+-------+-------+-------+-------+-------+-------+-------+-------++-------
Melee: Hand axe          |    37 |       |       |       |       |       |       |       |       ||    37
       Unarmed           |    13 |       |       |       |       |       |       |       |       ||    13
       War axe           |     6 |    27 |    35 |   551 |   671 |       |       |       |       ||  1290
       Broad axe         |       |    49 |   431 |       |   303 |     5 |  1070 |  2285 |  3256 ||  7399
       Executioner's axe |       |       |       |       |   228 |       |       |       |       ||   228
       Battleaxe         |       |       |       |       |       |  1530 |   552 |       |       ||  2082
 Fire: Blowgun           |       |       |       |       |     8 |     1 |       |       |       ||     9
 Cast: Sting             |    37 |    31 |    45 |    25 |       |       |       |       |       ||   138
       Mephitic Cloud    |     1 |     2 |    27 |    78 |    23 |     7 |     3 |       |       ||   141
       Cure Poison       |     1 |       |     1 |     1 |     5 |    32 |     3 |     4 |    13 ||    60
       Apportation       |       |       |       |       |    69 |    51 |    91 |    93 |   141 ||   445
       Flight            |       |       |       |       |     1 |     6 |    19 |     3 |     4 ||    33
       Regeneration      |       |       |       |       |       |   165 |   204 |   128 |   324 ||   821
       Conjure Flame     |       |       |       |       |       |    19 |    17 |     7 |     2 ||    45
       Blink             |       |       |       |       |       |     2 |       |     1 |     5 ||     8
       Spectral Weapon   |       |       |       |       |       |     2 |       |       |       ||     2
       Haste             |       |       |       |       |       |       |       |       |     9 ||     9
       Control Teleport  |       |       |       |       |       |       |       |       |     6 ||     6
       Controlled Blink  |       |       |       |       |       |       |       |       |     2 ||     2
Invok: Upheaval          |       |       |     1 |    20 |    49 |    32 |    27 |    21 |    15 ||   165
       Disaster Area     |       |       |       |       |       |       |       |     3 |    24 ||    27
       Elemental Force   |       |       |       |       |       |       |       |     1 |     2 ||     3
 Abil: Evoke Berserk Rag |       |       |       |       |       |     3 |       |       |       ||     3
       Breathe Dispellin |       |       |       |       |       |       |       |       |     2 ||     2
Evoke: Wand              |       |       |       |     5 |    14 |    16 |     9 |     1 |    18 ||    63
       Phial of floods   |       |       |       |       |       |       |     4 |     4 |     5 ||    13
       Deck              |       |       |       |       |       |       |     1 |       |       ||     1
       Staff of energy   |       |       |       |       |       |       |       |       |    29 ||    29
  Use: Scroll            |       |     3 |    12 |     5 |    21 |    27 |    12 |     7 |    37 ||   124
       Potion            |       |       |       |       |    11 |    11 |    12 |     8 |    32 ||    74
 Stab: Sleeping          |     1 |     5 |     1 |       |       |       |       |       |       ||     7
       Confused          |     1 |     1 |    15 |    34 |    12 |     4 |     1 |       |       ||    68
       Distracted        |       |       |       |       |       |       |       |     3 |     1 ||     4
       Petrified         |       |       |       |       |       |       |       |       |     1 ||     1
       Petrifying        |       |       |       |       |       |       |       |       |     1 ||     1
  Eat: Chunk             |       |     5 |    15 |    27 |    17 |    32 |    13 |    21 |     4 ||   134
       Pizza             |       |       |     1 |       |     6 |     1 |     4 |       |     2 ||    14
       Fruit             |       |       |     1 |       |     1 |     2 |    19 |     2 |    44 ||    69
       Beef jerky        |       |       |       |       |     2 |     4 |     1 |     4 |     2 ||    13
       Royal jelly       |       |       |       |       |       |     4 |     7 |       |     1 ||    12
       Bread ration      |       |       |       |       |       |       |       |       |     6 ||     6
